Map: Eternal Empire LE

Players

MindGrapes

  • Race: Zerg Zerg
  • League: Diamond
  • Spawn Location: 7:00

ViBE - Winner!

  • Race: Protoss Protoss
  • League: Diamond
  • Spawn Location: 1:00

VOD

Have the link to the VOD?

Description

Time

  • Played on: Dec. 21, 2019, 7:12 p.m.
  • Length: 9:10
Show
View Real Time Build Order
Export as new Build Order

MindGrapes Zerg 

Build Orders: Hatch First, Zergling Baneling 

Get SALT Encoding   

  12  0:01  Drone  
  13  0:12  Overlord  
  13  0:17  Drone  
  14  0:30  Drone x2  
  16  0:50  Hatchery  
  16  0:52  Drone  
  16  0:55  Drone  
  17  1:00  Drone  
  18  1:09  Extractor  
  17  1:16  Spawning Pool  
  16  1:19  Drone  
  16  1:22  Drone  
  18  1:28  Drone  
  19  1:39  Drone  
  20  1:50  Drone  
  21  2:02  Queen x2  
  21  2:03  Zergling x4  
  27  2:17  Hatchery  
  27  2:22  Overlord  
  26  2:26  Drone  
  27  2:31  Drone  
  28  2:37  Metabolic Boost  
  28  2:42  Queen  
  30  2:46  Drone  
  30  2:50  Overlord  
  31  3:01  Baneling Nest  
  30  3:08  Drone x2  
  30  3:10  Drone x3  
  35  3:25  Drone x2  
  37  3:28  Drone  
  37  3:30  Drone x2, Zergling x2  
  37  3:31  Zergling x4  
  43  3:38  Overlord  
  43  3:42  Zergling x4  
  43  3:45  Zergling x4  
  47  3:53  Zergling x6  
  47  3:55  Overlord  
  50  3:59  Zergling x6  
  53  4:15  Baneling x8  
  53  4:17  Zergling x2  
  53  4:18  Zergling x10  
  53  4:23  Spore Crawler  
  58  4:26  Spine Crawler  
  58  4:27  Zergling x4  
  53  4:45  Spine Crawler, Spore Crawler  
  51  4:48  Lair  
  50  4:56  Spine Crawler  
  50  4:59  Extractor  
  48  5:00  Drone x2  
  48  5:01  Drone  
  48  5:05  Roach Warren  
  50  5:07  Queen  
  52  5:20  Drone  
  52  5:21  Drone x5  
  58  5:45  Overlord  
  58  5:50  Drone  
  58  5:51  Drone x7, Spire, Extractor  
  58  5:52  Extractor  
  63  5:58  Overlord  
  58  6:20  Drone x6  
  64  6:28  Glial Reconstitution  
  64  6:31  Overlord x4  
  64  6:40  Drone  
  65  6:51  Roach x6  
  73  6:58  Roach x3  
  77  7:24  Mutalisk x6  
  81  7:34  Mutalisk  
  82  7:38  Drone  
  82  7:39  Drone x7  
  90  7:50  Drone x3  
  93  7:58  Drone, Hydralisk Den  
  92  7:59  Evolution Chamber, Drone x4  
  92  8:03  Evolution Chamber  
  95  8:09  Drone  
  95  8:11  Drone x2  
  98  8:20  Overlord x2  
  98  8:21  Overlord  
  98  8:31  Overlord x2  
  98  8:32  Overlord x2  
  98  8:39  Roach x6  
  110  8:47  Roach x2, Zergling x2  
Show
View Real Time Build Order
Export as new Build Order

ViBE Protoss - Winner!

Build Orders: 1 Gate Expand, Zealot Archon, Archon Drop, Dark Templar Rush 

Get SALT Encoding   

  12  0:01  Probe  
  13  0:13  Probe  
  14  0:21  Pylon  
  14  0:25  Probe  
  15  0:41  Gateway  
  15  0:43  Probe (Chrono Boost)  
  15  0:48  Assimilator  
  16  0:52  Probe (Chrono Boost)  
  17  0:57  Probe (Chrono Boost)  
  18  1:09  Probe  
  19  1:22  Probe  
  20  1:27  Nexus  
  20  1:39  Cybernetics Core  
  20  1:42  Probe  
  20  1:47  Pylon  
  21  1:51  Assimilator  
  21  1:54  Probe  
  22  2:07  Probe  
  23  2:16  Adept  
  23  2:17  Warp Gate  
  23  2:19  Probe (Chrono Boost)  
  26  2:28  Probe (Chrono Boost)  
  27  2:31  Twilight Council  
  27  2:33  Probe (Chrono Boost)  
  28  2:40  Probe (Chrono Boost)  
  30  2:46  Adept, Probe (Chrono Boost)  
  30  2:49  Probe (Chrono Boost)  
  33  2:51  Probe (Chrono Boost)  
  34  3:01  Probe x2  
  34  3:03  Gateway  
  36  3:11  Dark Shrine  
  36  3:13  Probe x2  
  38  3:25  Probe x2  
  38  3:26  Robotics Facility  
  40  3:32  Gateway  
  40  3:37  Probe x2, Gateway  
  42  3:42  Pylon  
  42  3:45  Assimilator  
  42  3:49  Probe x2  
  44  3:58  Assimilator  
  44  4:00  Pylon  
  44  4:01  Probe  
  44  4:02  Pylon, Probe  
  46  4:13  Probe  
  46  4:14  Warp Prism (Chrono Boost), Pylon, Probe  
  50  4:25  Probe  
  50  4:26  Probe  
  50  4:27  Dark Templar  
  50  4:28  Dark Templar  
  56  4:36  Dark Templar  
  56  4:41  Dark Templar  
  58  4:49  Immortal  
  58  4:50  Probe x2  
  64  4:59  Dark Templar  
  66  5:02  Probe x2  
  66  5:05  Zealot  
  70  5:17  Nexus  
  70  5:18  Pylon  
  70  5:19  Probe  
  70  5:20  Probe  
  72  5:23  Forge  
  72  5:28  Templar Archives  
  72  5:40  Observer  
  72  5:42  Archon x2  
  73  5:44  Zealot x4  
  73  5:45  Probe x2  
  73  5:49  Pylon  
  83  5:51  Pylon  
  83  5:58  Probe x2  
  85  6:06  Pylon  
  85  6:10  Pylon  
  85  6:22  Immortal  
  85  6:23  Zealot x4  
  85  6:24  Probe x2 (Chrono Boost)  
  99  6:27  Protoss Ground Weapons Level 1 (Chrono Boost)  
  99  6:29  Probe (Chrono Boost)  
  100  6:36  Probe (Chrono Boost)  
  101  6:43  Gateway  
  101  6:44  Gateway  
  101  6:57  Probe x2  
  101  6:58  Zealot x2, Probe  
  101  6:59  Zealot x2  
  116  7:01  Immortal  
  116  7:11  Pylon  
  116  7:13  Pylon  
  116  7:14  Assimilator  
  116  7:15  Assimilator  
  109  7:23  Zealot x3  
  109  7:24  Zealot  
  109  7:25  Probe x2 (Chrono Boost)  
  109  7:26  Probe (Chrono Boost)  
  120  7:35  Probe x3 (Chrono Boost)  
  123  7:50  Forge  
  123  7:56  Photon Cannon  
  123  7:58  Photon Cannon  
  123  7:59  Photon Cannon  
  123  8:00  Shield Battery  
  123  8:02  Photon Cannon x2  
  123  8:04  Shield Battery  
  123  8:05  Photon Cannon  
  123  8:09  Shield Battery  
  123  8:16  Stalker x3  
  123  8:17  Stalker x2  
  123  8:19  Stalker  
  135  8:33  Probe x3  
  138  8:47  Nexus  
  138  8:49  Pylon  
  138  8:51  Pylon  
Tags
 
Add a new tag
Caveats
  • Supply blocks, unpowered buildings, or Contaminate may cause inaccurate times.
  • Supply counts are checked every 10 seconds.